 Dungeon Crawl Stone Soup version 0.31-a0-640-g39d97e502b (webtiles) character file.

Game seed: 5048304848340763267

2589 qw the Skirmisher (level 9, 0/57 HPs)
             Began as a Gargoyle Hunter on Aug 27, 2023.
             Killed from afar by an orc warrior (13 damage)
             ... with a bolt of dispelling energy
             ... on level 7 of the Dungeon.
             The game lasted 00:02:58 (5113 turns).

qw the Skirmisher (Gargoyle Hunter)                 Turns: 5113, Time: 00:02:59

Health: 0/57       AC: 12    Str: 21    XL:     9   Next: 58%
Magic:  9/9        EV: 12    Int: 10    God:
Gold:   387        SH:  0    Dex: 17    Spells: 8/8 levels left

rFire   + . .        Y - +3 shortbow
rCold   + . .        (shield currently unavailable)
rNeg    + . .        e - +0 ring mail
rPois   inf          (no helmet)
rElec   +            f - scarf {rC+ rF+}
rCorr   .            (no gloves)
SInv    .            (no boots)
Will    +....        (no amulet)
Stlth   +            h - ring of willpower
HPRegen 0.29/turn    i - +6 ring of strength
MPRegen 0.11/turn

%: no passive effects
@: no status effects
A: sickness immunity, AC +6, negative energy resistance 1, electricity
resistance, torment resistance 1, petrification resistance
a: no special abilities


You were on level 7 of the Dungeon.
You visited 1 branch of the dungeon, and saw 7 of its levels.

You collected 387 gold pieces.


Innate Abilities, Weirdness & Mutations

You are immune to sickness and miasma.
Your stone body is resilient. (AC +6)
You are immune to poison.
You resist negative energy. (rN+)
You are resistant to electric shocks. (rElec)
You are resistant to unholy torment.
You are immune to petrification.


   Skills:
 + Level 7.1 Fighting
 - Level 11.0 Ranged Weapons
 - Level 2.7 Armour
 - Level 3.1 Dodging
 - Level 1.1 Stealth


You had 8 spell levels left.
You didn't know any spells.
Your spell library was empty.

Inventory:

Hand Weapons
 Y - a +3 shortbow (weapon)
Armour
 e - a +0 ring mail (worn)
 f - a scarf of resistance (worn)
 n - +0 steam dragon scales
Jewellery
 d - a ring of fire
 h - a ring of willpower (left hand)
 i - a +6 ring of strength (right hand)
 l - a ring of fire
Scrolls
 a - a scroll of identify
Potions
 b - 4 potions of curing
 c - a potion of brilliance {unknown}
 g - a potion of lignification {unknown}
 j - 2 potions of haste
 k - a potion of mutation
 m - a potion of magic {unknown}
 q - a potion of cancellation {unknown}
 r - a potion of might {unknown}

Dungeon Overview and Level Annotations

Branches:
Dungeon (7/15)
 Temple: D:4-7

Altars:
Elyvilon
Vehumet
Yredelemnul

Annotations:
D:4 Edmund


Message History

The orc wizard is heavily wounded.
The orc wizard casts a spell at you. The magic dart hits you.
The orc warrior hits you from afar with a +0 trident.
You shoot an arrow. The arrow barely misses the orc wizard.
The orc wizard hits you but does no damage.
The orc warrior hits you from afar with a +0 trident!
5105 ||| DRINKING potion of heal wounds.
You feel much better. The orc wizard barely misses you.
The orc warrior hits you from afar with a +0 trident.
You shoot an arrow. The arrow barely misses the orc wizard.
The orc wizard misses you.
The orc warrior hits you from afar with a +0 trident.
You shoot an arrow. The arrow barely misses the orc wizard.
The orc wizard hits you but does no damage.
The orc warrior zaps a wand.
The bolt of dispelling energy hits you.
You shoot an arrow. The arrow hits the orc wizard!
You kill the orc wizard!
The orc warrior closely misses you.
Your Ranged Weapons skill increases to level 11!
You shoot an arrow.
The arrow barely misses the orc warrior.
The orc warrior hits you from afar with a +0 trident.
You shoot an arrow.
The arrow hits the orc warrior but does no damage.
The orc warrior is severely wounded.
The orc warrior zaps a wand.
The bolt of dispelling energy hits you!
You shoot an arrow. The arrow hits the orc warrior.
The orc warrior is almost dead.
The orc warrior barely misses you.
You shoot an arrow.
The arrow closely misses the orc warrior.
The orc warrior zaps a wand.
The bolt of dispelling energy misses you.
You shoot an arrow.
The arrow hits the orc warrior but does no damage.
The orc warrior is almost dead.
The orc warrior zaps a wand.
The bolt of dispelling energy hits you!
You die...

#....# #.......... #....#
#..######..# #....#
##.......... #....#
#......##...
#....###..:...##..#
#......'......##..#
#....###......##o.#
##.#########...#..#
#.............>@.#
#.############.#.#
#...........##.#.#
#..)#######.##.#.########
##..)........ #.#........#
.....%......# #.########.#
###.........# #.# #.# #
#.........# #.# #.#
###.........###.########.#


You could see an orc warrior.

Vanquished Creatures
  A steam dragon (D:7)
  3 ice beasts
  An ogre (D:6)
  5 phantoms
  3 kobold brigands (D:7)
  4 bullfrogs
  2 scorpions (D:6)
  3 wights (D:7)
  A howler monkey (D:5)
  2 jellies (D:6)
  5 hounds
  3 orc priests
  5 iguanas
  5 orc wizards
  A gnoll bouda (D:7)
  A sleepcap (D:7)
  6 gnolls
  10 adders
  A white imp (D:5)
  A worm (D:5)
  3 dart slugs
  14 orcs
  8 endoplasms
  8 giant cockroaches
  8 goblins
  5 hobgoblins
  9 jackals
  5 quokkas
  4 ball pythons
  6 frilled lizards
  22 kobolds
  14 rats
169 creatures vanquished.

Vanquished Creatures (others)
  A howler monkey (D:7)
1 creature vanquished.

Grand Total: 170 creatures vanquished

Notes
Turn   | Place    | Note
-------+----------+-------------------------------------------
     0 | D:1      | qw the Gargoyle Hunter began the quest for the Orb.
     0 | D:1      | Reached XP level 1. HP: 12/12 MP: 1/1
     0 | D:1      | 0 ||| qw: Version: 0.3-a-74-g0d5e918
     0 | D:1      | 0 ||| qw: Game counter: 19
     0 | D:1      | 0 ||| qw: Melee chars always use a shield: true
     0 | D:1      | 0 ||| qw: God list: Okawaru
     0 | D:1      | 0 ||| qw: Allow faded altars: false
     0 | D:1      | 0 ||| qw: Do Orc after clearing Dungeon:15 true
     0 | D:1      | 0 ||| qw: Do second Lair branch before Depths: true
     0 | D:1      | 0 ||| qw: Lair rune preference: random
     0 | D:1      | 0 ||| qw: Goals: Normal
     0 | D:1      | 0 ||| PLANNING D:1-11
   126 | D:1      | Reached XP level 2. HP: 17/17 MP: 2/2
   441 | D:1      | 441 ||| DROPPING ring of flight.
   442 | D:1      | 442 ||| READING 2 scrolls labelled WEFU SENESICSA.
   443 | D:1      | 443 ||| READING scroll labelled ROTIR NOZXIGAY.
   444 | D:1      | 444 ||| DROPPING scroll of butterflies.
   466 | D:2      | Reached XP level 3. HP: 21/21 MP: 3/3
   488 | D:2      | Reached skill level 5 in Ranged Weapons
   643 | D:2      | HP: 5/22 [goblin/+0 dagger (2)]
   646 | D:2      | HP: 1/22 [adder (3)]
   648 | D:2      | Reached skill level 3 in Fighting
   764 | D:2      | Reached XP level 4. HP: 28/28 MP: 4/4
  1097 | D:2      | 1097 ||| UPGRADING to +0 ring mail.
  1107 | D:2      | 1107 ||| DROPPING +0 leather armour.
  1108 | D:2      | 1108 ||| UPGRADING to ring of willpower.
  1109 | D:2      | 1109 ||| UPGRADING to +6 ring of strength.
  1110 | D:2      | 1110 ||| READING 2 scrolls labelled ACZONUCKOF.
  1111 | D:2      | 1111 ||| READING scroll of enchant weapon.
  1111 | D:2      | 1111 ||| ENCHANTING +1 shortbow.
  1112 | D:2      | 1112 ||| DRINKING 4 puce potions.
  1113 | D:2      | 1113 ||| READING 2 scrolls of identify.
  1113 | D:2      | 1113 ||| IDENTIFYING red potion
  1155 | D:3      | Reached skill level 1 in Armour
  1625 | D:3      | 1625 ||| Stepping ~*~*~tactically~*~*~ (water).
  1742 | D:3      | 1742 ||| READING scroll labelled GEOSHEYQUI.
  1843 | D:3      | 1843 ||| READING scroll labelled QALOELL MIZOS.
  1844 | D:3      | 1844 ||| READING scroll labelled PEODGHA PAOCK.
  1849 | D:3      | 1849 ||| READING scroll labelled WIUDGHE SIBOGH.
  1850 | D:3      | 1850 ||| READING scroll labelled GOSOGOWNESK.
  1851 | D:3      | 1851 ||| READING 3 scrolls of identify.
  1851 | D:3      | 1851 ||| IDENTIFYING yellow potion
  1880 | D:4      | 1880 ||| STAIRDANCE
  1893 | D:4      | Reached XP level 5. HP: 30/32 MP: 5/5
  1943 | D:4      | 1943 ||| FLEEEEING.
  1944 | D:4      | 1944 ||| FLEEEEING.
  1977 | D:4      | Noticed a phantom
  1983 | D:4      | 1983 ||| Stepping ~*~*~tactically~*~*~ (retreating).
  1984 | D:4      | 1984 ||| Stepping ~*~*~tactically~*~*~ (retreating).
  1985 | D:4      | 1985 ||| Stepping ~*~*~tactically~*~*~ (retreating).
  1986 | D:4      | 1986 ||| Stepping ~*~*~tactically~*~*~ (retreating).
  1987 | D:4      | 1987 ||| Stepping ~*~*~tactically~*~*~ (retreating).
  1988 | D:4      | 1988 ||| Stepping ~*~*~tactically~*~*~ (retreating).
  1989 | D:4      | 1989 ||| Stepping ~*~*~tactically~*~*~ (retreating).
  1990 | D:4      | 1990 ||| Stepping ~*~*~tactically~*~*~ (retreating).
  1991 | D:4      | 1991 ||| Stepping ~*~*~tactically~*~*~ (retreating).
  1992 | D:4      | 1992 ||| Stepping ~*~*~tactically~*~*~ (retreating).
  1994 | D:4      | 1994 ||| Stepping ~*~*~tactically~*~*~ (retreating).
  1996 | D:4      | Killed a phantom
  1997 | D:4      | Reached skill level 6 in Ranged Weapons
  2004 | D:4      | Reached XP level 6. HP: 25/37 MP: 6/6
  2422 | D:4      | 2422 ||| Stepping ~*~*~tactically~*~*~ (outnumbered).
  2424 | D:4      | 2424 ||| Stepping ~*~*~tactically~*~*~ (outnumbered).
  2426 | D:4      | 2426 ||| Stepping ~*~*~tactically~*~*~ (outnumbered).
  2624 | D:4      | Reached skill level 7 in Ranged Weapons
  2784 | D:4      | Noticed Edmund
  2795 | D:4      | HP: 9/38 [Edmund/+1 dire flail of protection (5)]
  2796 | D:4      | 2796 ||| READING 2 scrolls of teleportation.
  2797 | D:4      | 2797 ||| DRINKING 2 potions of heal wounds.
  2841 | D:4      | 2841 ||| READING scroll labelled YJUGRESIW.
  2842 | D:4      | 2842 ||| READING 2 scrolls of identify.
  2842 | D:4      | 2842 ||| IDENTIFYING murky sapphire potion
  2880 | D:5      | Entered Level 5 of the Dungeon
  2899 | D:5      | Noticed an ice beast
  2902 | D:5      | 2902 ||| FLEEEEING.
  2903 | D:5      | 2903 ||| FLEEEEING.
  2904 | D:5      | 2904 ||| FLEEEEING.
  2905 | D:5      | 2905 ||| FLEEEEING.
  2906 | D:5      | 2906 ||| FLEEEEING.
  2907 | D:5      | 2907 ||| FLEEEEING.
  2908 | D:5      | 2908 ||| FLEEEEING.
  2909 | D:5      | 2909 ||| STAIRDANCE
  2942 | D:5      | 2942 ||| STAIRDANCE
  2949 | D:4      | Killed an ice beast
  2950 | D:4      | Reached XP level 7. HP: 17/43 MP: 7/7
  3053 | D:5      | 3053 ||| STAIRDANCE
  3160 | D:5      | HP: 8/43 [phantom (5)]
  3161 | D:5      | 3161 ||| READING scroll of teleportation.
  3162 | D:5      | 3162 ||| DRINKING potion of heal wounds.
  3172 | D:5      | Reached skill level 8 in Ranged Weapons
  3270 | D:5      | Reached XP level 8. HP: 50/50 MP: 8/8
  3342 | D:5      | 3342 ||| FLEEEEING.
  3343 | D:5      | 3343 ||| FLEEEEING.
  3344 | D:5      | 3344 ||| FLEEEEING.
  3697 | D:5      | 3697 ||| UPGRADING to scarf of resistance.
  3702 | D:5      | 3702 ||| DROPPING scarf of harm.
  3703 | D:5      | 3703 ||| READING scroll labelled LOFRATEFEL.
  3717 | D:6      | 3717 ||| STAIRDANCE
  3724 | D:5      | Reached skill level 9 in Ranged Weapons
  3728 | D:6      | 3728 ||| STAIRDANCE
  3778 | D:6      | Reached skill level 6 in Fighting
  3778 | D:6      | 3778 ||| STAIRDANCE
  3861 | D:6      | 3861 ||| FLEEEEING.
  3862 | D:6      | 3862 ||| FLEEEEING.
  3889 | D:6      | 3889 ||| FLEEEEING.
  3890 | D:6      | 3890 ||| FLEEEEING.
  3891 | D:6      | 3891 ||| RETREATING.
  3892 | D:6      | 3892 ||| Stepping ~*~*~tactically~*~*~ (retreating).
  3894 | D:6      | 3894 ||| Stepping ~*~*~tactically~*~*~ (retreating).
  3895 | D:6      | 3895 ||| Stepping ~*~*~tactically~*~*~ (retreating).
  3896 | D:6      | 3896 ||| Stepping ~*~*~tactically~*~*~ (retreating).
  3897 | D:6      | 3897 ||| Stepping ~*~*~tactically~*~*~ (retreating).
  3898 | D:6      | 3898 ||| Stepping ~*~*~tactically~*~*~ (retreating).
  3899 | D:6      | 3899 ||| Stepping ~*~*~tactically~*~*~ (retreating).
  3917 | D:6      | Reached skill level 10 in Ranged Weapons
  3931 | D:6      | Reached XP level 9. HP: 49/56 MP: 9/9
  4082 | D:6      | 4082 ||| READING scroll of enchant weapon.
  4082 | D:6      | 4082 ||| ENCHANTING +2 shortbow.
  4324 | D:6      | Found a white marble altar of Elyvilon.
  4324 | D:6      | Found a radiant altar of Vehumet.
  4375 | D:6      | 4375 ||| READING scroll labelled KEF YRGHEOGALOI.
  4403 | D:7      | Reached skill level 3 in Dodging
  4457 | D:7      | 4457 ||| RETREATING.
  4764 | D:7      | Found a basalt altar of Yredelemnul.
  4786 | D:7      | 4786 ||| RETREATING.
  4788 | D:7      | 4788 ||| Stepping ~*~*~tactically~*~*~ (outnumbered).
  4791 | D:7      | 4791 ||| Stepping ~*~*~tactically~*~*~ (retreating).
  4792 | D:7      | 4792 ||| Stepping ~*~*~tactically~*~*~ (retreating).
  4793 | D:7      | 4793 ||| Stepping ~*~*~tactically~*~*~ (retreating).
  4796 | D:7      | 4796 ||| Stepping ~*~*~tactically~*~*~ (retreating).
  4797 | D:7      | 4797 ||| RETREATING.
  4798 | D:7      | 4798 ||| Stepping ~*~*~tactically~*~*~ (outnumbered).
  4803 | D:7      | 4803 ||| Stepping ~*~*~tactically~*~*~ (retreating).
  4804 | D:7      | 4804 ||| Stepping ~*~*~tactically~*~*~ (retreating).
  4805 | D:7      | 4805 ||| Stepping ~*~*~tactically~*~*~ (retreating).
  4806 | D:7      | 4806 ||| Stepping ~*~*~tactically~*~*~ (retreating).
  4807 | D:7      | 4807 ||| Stepping ~*~*~tactically~*~*~ (outnumbered).
  4957 | D:7      | HP: 14/57 [orc warrior/+0 dire flail (8)]
  4958 | D:7      | 4958 ||| READING scroll of teleportation.
  4959 | D:7      | 4959 ||| DRINKING 2 potions of heal wounds.
  5104 | D:7      | HP: 9/57 [orc warrior/+0 trident (11)]
  5105 | D:7      | 5105 ||| DRINKING potion of heal wounds.
  5109 | D:7      | Reached skill level 11 in Ranged Weapons
  5110 | D:7      | HP: 12/57 [orc warrior/bolt of dispelling energy (11)]
  5113 | D:7      | Killed from afar by an orc warrior

Levels and vault maps discovered:
D:1:      matt_arrival_spirals, layout_rooms
D:2:      layout_rooms, minmay_rat_gold_closets
D:3:      wander_river, layout_loops_cross, serial_bayou, serial_bayou_lagoon_a,
          serial_bayou_pond_b, serial_bayou_ford_a, serial_bayou_crossing,
          serial_bayou_pond_b
D:4:      cheibrodos_quashed, layout_gridville, minmay_starry_boxes, uniq_edmund
D:5:      layout_basic
D:6:      layout_rooms, gammafunk_temple_overflow_wave
D:7:      minmay_clustersquares, layout_basic,
          mainiacjoe_overflow_concentric_impassable, minmay_temple_entry_fiery,
          serial_co_window_serial, co_window_paths_a, co_window_cross_1,
          co_window_corner_a, co_window_paths_b, co_window_paths_a,
          co_window_corner_ca, co_window_broadway_a, co_window_broadway_b

Skill      XL: |  1  2  3  4  5  6  7  8  9 |
---------------+----------------------------+-----
Ranged Weapons | 5 6 7 8 10 11 | 11.0
Fighting       | 3 4 5 6 7 |  7.1
Armour         | 1 2 |  2.7
Dodging        | 2 3 |  3.1
Stealth        | |  1.1

Action                     |  1- 3 |  4- 6 |  7- 9 || total
---------------------------+-------+-------+-------++-------
   Fire: Shortbow          |   115 |   187 |   396 ||   698
    Use: Scroll            |     2 |    12 |     5 ||    19
         Potion            |       |     2 |     3 ||     5
 Armour: Leather armour    |    27 |       |       ||    27
         Ring mail         |       |    34 |   125 ||   159
  Dodge: Dodged            |    55 |    54 |   160 ||   269

Table legend:
 A = Non-vault XP
 B = Vault XP
 C = Vault XP percentage of total XP
 D = Non-vault monster count
 E = Vault monster count
 F = Vault count percentage of total count
                 A         B        C        D         E       F
            +---------+---------+-------+---------+---------+-------
      Total |    3582 |     117 |   3.2 |     155 |      15 |   8.8
            +---------+---------+-------+---------+---------+-------
        D:1 |      32 |       0 |   0.0 |      20 |       0 |   0.0
        D:2 |      69 |       7 |   9.2 |      19 |       7 |  26.9
        D:3 |      44 |       7 |  13.7 |      18 |       4 |  18.2
        D:4 |     463 |     103 |  18.2 |      26 |       4 |  13.3
        D:5 |     874 |       0 |   0.0 |      26 |       0 |   0.0
        D:6 |     904 |       0 |   0.0 |      13 |       0 |   0.0
        D:7 |    1196 |       0 |   0.0 |      33 |       0 |   0.0
            +---------+---------+-------+---------+---------+-------
